 Dungeon Crawl Stone Soup version 0.31-a0-949-g57150269e1 (webtiles) character file.

Game seed: 14637499767366870504

63 mattiecakes the Trooper (level 4, -2/31 HPs)
             Began as a Gargoyle Fighter on Oct 22, 2023.
             Slain by MachoJfn's ghost (9 damage)
             ... on level 3 of the Dungeon.
             The game lasted 00:06:36 (1697 turns).

mattiecakes the Trooper (Gargoyle Fighter)          Turns: 1697, Time: 00:06:37

Health: -2/31      AC: 11    Str: 22    XL:     4   Next: 9%
Magic:  4/4        EV:  9    Int:  8    God:
Gold:   54         SH:  4    Dex:  9    Spells: 3/3 levels left

rFire   . . .        a - +0 war axe
rCold   . . .        c - +0 buckler
rNeg    + . .        b - +0 scale mail
rPois   ∞            (no helmet)
rElec   +            f - +0 cloak
rCorr   .            (no gloves)
SInv    .            (no boots)
Will    .....        (no amulet) Stlth
                     (no ring)
HPRegen 0.25/turn    (no ring)
MPRegen 0.09/turn

%: no passive effects
@: no status effects
A: sickness immunity, AC +3, negative energy resistance 1, electricity
resistance, torment resistance 1, petrification resistance
a: no special abilities


You were on level 3 of the Dungeon.
You visited 1 branch of the dungeon, and saw 3 of its levels.

You collected 54 gold pieces.

Inventory:

Hand Weapons
 a - a +0 war axe (weapon)
Armour
 b - a +0 scale mail (worn)
 c - a +0 buckler (worn)
 f - a +0 cloak (worn)
Scrolls
 i - 4 scrolls of identify {unknown}
 j - a scroll of teleportation {unknown}
 k - a scroll of fear {unknown}
Potions
 d - 2 potions of might
 e - a potion of curing {unknown}
 g - a potion of degeneration {unknown}
 h - a potion of heal wounds {unknown}
 l - a potion of cancellation {unknown}


   Skills:
 + Level 5.3 Fighting
 - Level 1.7 Axes
 - Level 3.2 Armour
 - Level 3.2 Shields


You had 3 spell levels left.
You didn't know any spells.
Your spell library contained the following spells:

 Spells                   Type           Power      Damage    Failure   Level
 Wereblood                Tmut           0%         N/A       91%         2
 Summon Hydra             Summ           0%         N/A       100%        7
 Sublimation of Blood     Necr           Unusable   N/A       N/A         2

Dungeon Overview and Level Annotations

Branches:
Dungeon (3/15)

Altars:
Dithmenos
Hepliaklqana
Okawaru
Trog
Vehumet
Xom
Yredelemnul

Annotations:
D:3 MachoJfn's ghost, amateur DsGl


Innate Abilities, Weirdness & Mutations

You are immune to sickness and miasma.
Your stone body is resilient. (AC +3)
You are immune to poison.
You resist negative energy. (rN+)
You are resistant to electric shocks. (rElec)
You are resistant to unholy torment.
You are immune to petrification.


Message History

MachoJfn's ghost barely misses you.
You miss MachoJfn's ghost.
MachoJfn's ghost is moderately damaged.
MachoJfn's ghost hits you! MachoJfn's ghost hits you.
You barely miss MachoJfn's ghost.
MachoJfn's ghost is moderately damaged.
You block MachoJfn's ghost's attack.
MachoJfn's ghost hits you but does no damage.
You miss MachoJfn's ghost.
MachoJfn's ghost is moderately damaged.
MachoJfn's ghost hits you but does no damage.
You miss MachoJfn's ghost.
MachoJfn's ghost is moderately damaged.
You block MachoJfn's ghost's attack.
You closely miss MachoJfn's ghost.
MachoJfn's ghost is moderately damaged.
MachoJfn's ghost hits you but does no damage. x2
You slash MachoJfn's ghost!
MachoJfn's ghost is heavily damaged.
MachoJfn's ghost hits you.
You barely miss MachoJfn's ghost.
MachoJfn's ghost is heavily damaged.
MachoJfn's ghost hits you. x2
* * * LOW HITPOINT WARNING * * *
You slash MachoJfn's ghost!
MachoJfn's ghost is severely damaged.
MachoJfn's ghost closely misses you.
You barely miss MachoJfn's ghost.
MachoJfn's ghost is severely damaged.
MachoJfn's ghost ripples.
MachoJfn's ghost hits you but does no damage.
MachoJfn's ghost hits you.
* * * LOW HITPOINT WARNING * * *
You barely miss MachoJfn's ghost.
MachoJfn's ghost is severely damaged.
MachoJfn's ghost barely misses you.
You slash MachoJfn's ghost!
MachoJfn's ghost is almost destroyed.
MachoJfn's ghost barely misses you. MachoJfn's ghost hits you!
You die...

####................#
###..
#._..⌠.._...######
##. #.........#.# ##
##....._.##.#
#..._......#
###......### ##....##
###...# #.@.# ##W##
#.~.# #.~.# #.~.#
#.~.# #.[.# #####


You could see MachoJfn's ghost.

Vanquished Creatures
  2 adders (D:3)
  A worm (D:3)
  A dart slug (D:1)
  3 ball pythons (D:1)
  6 endoplasms
  4 giant cockroaches
  2 goblins (D:3)
  3 hobgoblins
  3 quokkas (D:3)
  5 bats (D:3)
  4 kobolds
  A rat (D:1)
35 creatures vanquished.

Notes
Turn   | Place    | Note
-------+----------+-------------------------------------------
     0 | D:1      | mattiecakes the Gargoyle Fighter began the quest for the
                  | Orb.
     0 | D:1      | Reached XP level 1. HP: 14/14 MP: 1/1
   403 | D:1      | Reached XP level 2. HP: 20/20 MP: 2/2
   450 | D:1      | Reached skill level 4 in Fighting
  1021 | D:2      | You fall into a shaft and drop 1 floor!
  1099 | D:3      | Reached XP level 3. HP: 24/24 MP: 3/3
  1100 | D:3      | Found a shadowy altar of Dithmenos.
  1102 | D:3      | Found a hazy altar of Hepliaklqana.
  1102 | D:3      | Found a bloodstained altar of Trog.
  1104 | D:3      | Found a basalt altar of Yredelemnul.
  1112 | D:3      | Found a radiant altar of Vehumet.
  1113 | D:3      | Found an iron altar of Okawaru.
  1117 | D:3      | Found a shimmering altar of Xom.
  1119 | D:3      | Found a runed translucent door.
  1300 | D:3      | Reached skill level 5 in Fighting
  1385 | D:3      | Reached XP level 4. HP: 29/31 MP: 4/4
  1679 | D:3      | Noticed MachoJfn's ghost (amateur DsGl)
  1697 | D:3      | Slain by MachoJfn's ghost

Illustrated notes

Levels and vault maps discovered:
D:1:      ldierk_walled_garden_2, layout_basic, dreamdust_princess_bridge
D:2:      layout_rooms
D:3:      layout_basic, grunt_temple_overflow_open,
          ebering_ghost_reflecting_pool

Skill      XL: |  1  2  3 |
---------------+----------+-----
Fighting       | 4 5 |  5.3
Axes           | |  1.7
Armour         | |  3.2
Shields        | |  3.2

Action                     |  1- 3 |  4- 6 || total
---------------------------+-------+-------++-------
  Melee: War axe           |    94 |    21 ||   115
 Armour: Scale mail        |    58 |    15 ||    73
  Dodge: Dodged            |    63 |     7 ||    70
  Block: Buckler           |    28 |     4 ||    32

Table legend: (Time is in decaauts)
 A = Elapsed time spent in this place.
 B = Non-inter-level travel time spent in this place.
 C = Inter-level travel time spent in this place.
 D = Time resting spent in this place.
 E = Time spent auto-exploring this place.
 F = Levels seen in this place.
 G = Mean time per level.
                   A        B        C        D        E       F      G
               +--------+--------+--------+--------+--------+-----+--------+
         Total |   1750 |   1642 |    108 |      0 |   1331 |   3 |  583.3 |
       Dungeon |   1750 |   1642 |    108 |      0 |   1331 |   3 |  583.3 |
               +--------+--------+--------+--------+--------+-----+--------+

Top non-repeatable levels by time:
     D:1: 997 daAuts
     D:3: 715 daAuts
     D:2: 37 daAuts
